 Dungeon Crawl Stone Soup version 0.21-a0-243-g597973d (webtiles) character file.

14766 Kidiri the Thaumaturge (level 11, -12/62 HPs)
             Began as a Deep Elf Fire Elementalist on Sept 4, 2017.
             Was a High Priest of Vehumet.
             Mangled by a spiny frog (21 damage)
             ... on level 2 of the Lair of Beasts.
             The game lasted 00:50:09 (16187 turns).

Kidiri the Thaumaturge (DEFE)                      Turns: 16187, Time: 00:50:09

Health: -12/62     AC:  6    Str: 11    XL:     11   Next: 93%
Magic:  0/28       EV: 13    Int: 22    God:    Vehumet [*****.]
Gold:   655        SH:  9    Dex: 12    Spells: 3/33 levels left

rFire    + . .     SeeInvis .   t - +5 dagger
rCold    . . .     Gourm    .   a - +1 shield {rF+}
rNeg     . . .     Faith    .   z - +0 robe of the Old World {rCorr Str+6 Dex-3 Stlth-}
rPois    .         Spirit   .   u - +0 helmet
rElec    .         Reflect  .   J - +0 cloak {MR+}
rCorr    +         Harm     .   d - +0 pair of gloves
MR       ++...                  (no boots)
Stlth    +.........             (no amulet)
HPRegen  0.20/turn              q - ring of wizardry
MPRegen  0.21/turn              I - +2 ring of intelligence

@: barbed spikes
A: dopey 2, wild magic 1, MP-powered wands
a: Renounce Religion


You were on level 2 of the Lair of Beasts.
You worshipped Vehumet.
Vehumet was extremely pleased with you.
You were hungry.

You visited 3 branches of the dungeon, and saw 13 of its levels.

You collected 655 gold pieces.

Inventory:

Hand Weapons
 t - a +5 dagger (weapon)
Missiles
 n - 2 throwing nets (quivered)
Armour
 a - a +1 shield of fire resistance (worn)
 d - a +0 pair of gloves (worn)
 u - a +0 helmet (worn)
 z - the +0 robe of the Old World (worn) {rCorr Str+6 Dex-3 Stlth-}
   (You found it on level 6 of the Dungeon)

   It affects your strength (+6).
   It affects your dexterity (-3).
   It protects you from acid and corrosion.
   It makes you less stealthy.
 J - a +0 cloak of magic resistance (worn)
Jewellery
 q - a ring of wizardry (left hand)
 w - an uncursed ring of poison resistance
 A - an uncursed ring of fire
 I - a +2 ring of intelligence (right hand)
Wands
 p - a wand of lightning (4/15)
 s - a wand of acid (0/15)
 D - a wand of confusion (16/48)
 E - a wand of disintegration (10/24)
 Q - a wand of paralysis (12/24)
 V - a wand of polymorph (10/24)
Scrolls
 g - 3 scrolls of amnesia
 o - a scroll of fear
 x - a scroll of magic mapping
 y - 6 scrolls of teleportation
 F - 2 scrolls of recharging
 H - a scroll of remove curse
Potions
 e - 2 potions of haste
 f - 2 potions of berserk rage
 i - a potion of ambrosia
 j - a potion of lignification
 k - a potion of agility
 l - a potion of cancellation
 r - 3 potions of curing
 v - 4 potions of degeneration {unknown}
 B - 2 potions of mutation {unknown}
 C - 3 potions of heal wounds {unknown}
 G - 4 potions of might {unknown}
 L - a potion of flight {unknown}
 T - a potion of magic {unknown}
Comestibles
 b - 2 royal jellies
 c - 4 bread rations
 m - 7 meat rations
 O - 13 fruits


   Skills:
 + Level 4.4 Fighting
 + Level 5.1 Short Blades
 + Level 4.5 Armour
 + Level 7.3 Dodging
 - Level 2.4 Stealth
 + Level 3.4 Shields
 * Level 11.9 Spellcasting
 + Level 7.2 Conjurations
 + Level 7.8 Fire Magic
 + Level 3.2 Ice Magic
 + Level 4.8 Air Magic
 + Level 3.6 Earth Magic
 + Level 5.1 Poison Magic


You had 3 spell levels left.
You knew the following spells:

 Your Spells              Type           Power        Failure   Level  Hunger
a - Flame Tongue          Conj/Fire      #####        1%          1    None
b - Throw Flame           Conj/Fire      ######       1%          2    None
c - Conjure Flame         Conj/Fire      ######..     1%          3    None
d - Inner Flame           Hex/Fire       #####...     2%          3    None
e - Sticky Flame          Conj/Fire      ######..     1%          4    None
f - Fireball              Conj/Fire      ######....   4%          5    ####...
g - Throw Frost           Conj/Ice       #####.       1%          2    None
h - Airstrike             Air            #####.....   4%          4    None
i - Stone Arrow           Conj/Erth      #####.       1%          3    None
j - Mephitic Cloud        Conj/Pois/Air  ######..     1%          3    None


Dungeon Overview and Level Annotations

Branches:
Dungeon (10/15)            Temple (1/1) D:7            Lair (2/6) D:10
 Shoals (0/4) Lair:2
  Snake: Lair:2-4    Spider: Lair:2-4       Orc: D:9-12

Altars:
Ashenzari
Cheibriados
Dithmenos
Elyvilon
Fedhas
Gozag
Hepliaklqana
Kikubaaqudgha
Makhleb
Nemelex Xobeh
Okawaru
Qazlal
Ru
Sif Muna
Trog
Uskayaw
Vehumet
Wu Jian
Xom
Yredelemnul
Zin
The Shining One


Innate Abilities, Weirdness & Mutations

You are very dopey. (Int -4)
Your spells are a little harder to cast, but a little more powerful.
You expend magic power (3 MP) to strengthen your wands.


Message History

The air twists around and violently strikes the hippogriff!
You kill the hippogriff!
Vehumet accepts your kill. The spiny frog stings you!
* * * LOW HITPOINT WARNING * * *
Unknown command.
Casting: Airstrike
Confirm with . or Enter, or press ? or * to list all spells.
Okay, then.
Unknown command.
You feel better. You block the spiny frog's attack.
Casting: Airstrike
Confirm with . or Enter, or press ? or * to list all spells.
Aiming: Flame Tongue
Press: ? - help, Shift-Dir - straight line, f - spiny frog
Aim: a spiny frog The flame tongue misses the spiny frog.
The spiny frog stings you!!
* * * LOW HITPOINT WARNING * * *
The spiny frog stings you!!
You die...

>.#............
.............>.
...P.>.........
...........†...
...............
...............
.......†F....(.
.......@....P..
...............
#.#....###.....
##### #.#. .. .


You could see a spiny frog.

Vanquished Creatures
  A hydra (D:8)
  An oklob plant (Lair:1)
  A manticore (Lair:2)
  3 spiny frogs (Lair:1)
  4 molten gargoyles (D:10)
  3 komodo dragons
  Prince Ribbit (D:8)
  The ghost of 100P the Cudgeler, an amateur DsFi (D:4)
  Grinder (D:3)
  A hornet (D:10)
  2 dream sheep (D:8)
  5 hippogriffs
  Sigmund (D:6)
  2 wraiths (D:8)
  A wyvern (D:10)
  14 yaks
  Eustachio (D:6)
  A hungry ghost (D:8)
  2 water moccasins
  4 porcupines
  5 orc warriors
  Duvessa (D:7)
  5 sky beasts
  An ice beast (D:6)
  2 phantoms
  3 ogres
  A centaur (D:10)
  A crocodile (Lair:1)
  3 big kobolds (D:8)
  9 bullfrogs
  Dowan (D:7)
  11 killer bees
  A wight (D:8)
  An electric eel (Lair:1)
  A howler monkey (D:8)
  3 crimson imps
  A hound (D:5)
  A lava snake (D:10)
  A quasit (D:7)
  5 human zombies (D:8)
  8 orc priests
  2 jellies (D:8)
  A human skeleton (D:8)
  Crazy Yiuf (D:6)
  2 bullfrog skeletons (D:7)
  5 iguanas
  12 orc wizards
  9 worker ants
  A killer bee zombie (D:6)
  A hound zombie (D:9)
  A hound skeleton (D:9)
  2 mummies (D:8)
  A worker ant zombie (D:6)
  3 gnolls (D:2)
  12 adders
  A shadow imp (D:10)
  An ooze (D:4)
  An adder skeleton (D:5)
  2 worms (D:3)
  4 dart slugs
  7 leopard geckos
  41 orcs
  9 bats
  4 giant cockroaches
  4 goblins
  7 hobgoblins
  25 jackals
  4 quokkas
  A ball python (D:3)
  2 frilled lizards
  9 kobolds
  An orc zombie (D:8)
  8 rats
  A plant (Lair:1)
300 creatures vanquished.

Vanquished Creatures (others)
  A fungus (Lair:1)
  7 plants
8 creatures vanquished.

Grand Total: 308 creatures vanquished

Notes
Turn   | Place    | Note
-------+----------+-------------------------------------------
     0 | D:1      | Kidiri the Deep Elf Fire Elementalist began the quest for the Orb.
     0 | D:1      | Reached XP level 1. HP: 10/10 MP: 6/6
   283 | D:1      | Reached XP level 2. HP: 15/15 MP: 2/8
   327 | D:1      | Learned a level 2 spell: Throw Flame
   699 | D:1      | Found a shattered altar of Ashenzari.
  1161 | D:2      | Reached skill level 4 in Spellcasting
  1200 | D:2      | Reached XP level 3. HP: 19/19 MP: 6/10
  1212 | D:2      | Learned a level 3 spell: Conjure Flame
  1216 | D:2      | Learned a level 3 spell: Inner Flame
  1905 | D:2      | You fall through a shaft!
  1918 | D:3      | Noticed Grinder
  1938 | D:3      | Reached XP level 4. HP: 21/24 MP: 8/12
  2066 | D:3      | Found a bloodstained altar of Trog.
  2070 | D:3      | Reached skill level 5 in Spellcasting
  2095 | D:3      | Learned a level 4 spell: Sticky Flame
  2457 | D:3      | Found an ornate altar of the Wu Jian Council.
  2466 | D:3      | Found a radiant altar of Vehumet.
  2485 | D:3      | Became a worshipper of Vehumet
  2580 | D:3      | Killed Grinder
  2580 | D:3      | Reached skill level 6 in Spellcasting
  2580 | D:3      | Reached XP level 5. HP: 23/28 MP: 6/16
  2580 | D:3      | Reached XP level 6. HP: 26/32 MP: 6/17
  2587 | D:3      | Learned a level 5 spell: Fireball
  3762 | D:4      | Reached skill level 5 in Fire Magic
  3764 | D:4      | Reached * piety under Vehumet
  3764 | D:4      | Offered knowledge of Sandblast by Vehumet.
  3867 | D:4      | Reached skill level 1 in Fighting
  3899 | D:4      | Reached skill level 7 in Spellcasting
  4066 | D:4      | Noticed 100P's ghost (amateur DsFi)
  4620 | D:4      | Reached XP level 7. HP: 38/38 MP: 14/19
  4667 | D:5      | Entered Level 5 of the Dungeon
  4852 | D:5      | Reached skill level 1 in Armour
  4952 | D:5      | Reached skill level 1 in Short Blades
  6079 | D:6      | Found a hazy altar of Hepliaklqana.
  6083 | D:6      | Found a blossoming altar of Fedhas.
  6086 | D:6      | Found a sparkling altar of Nemelex Xobeh.
  6091 | D:6      | Found a sacrificial altar of Ru.
  6091 | D:6      | Found an ancient bone altar of Kikubaaqudgha.
  6101 | D:6      | Learned a level 3 spell: Mephitic Cloud
  6187 | D:6      | Got a sheer robe
  6198 | D:6      | Identified the cursed +0 robe of the Old World {rCorr Str+6 Dex-3 Stlth-} (You found it on level 6 of the Dungeon)
  6287 | D:6      | Noticed Eustachio
  6299 | D:6      | Killed Eustachio
  6299 | D:6      | Reached skill level 8 in Spellcasting
  6299 | D:6      | Reached XP level 8. HP: 44/44 MP: 4/22
  6432 | D:6      | Reached skill level 1 in Poison Magic
  6529 | D:6      | Noticed Sigmund
  6540 | D:6      | Killed Sigmund
  6540 | D:6      | Reached skill level 1 in Air Magic
  6878 | D:6      | Found a runed door.
  7270 | D:6      | Noticed Crazy Yiuf
  7273 | D:6      | Killed Crazy Yiuf
  7429 | D:5      | Reached ** piety under Vehumet
  7726 | D:7      | Reached skill level 5 in Conjurations
  7726 | D:7      | Offered knowledge of Throw Frost by Vehumet.
  7730 | D:7      | Learned a level 2 spell: Throw Frost
  8049 | D:7      | Found a stormy altar of Qazlal.
  8050 | D:7      | Noticed an air elemental
  8182 | D:7      | Noticed Dowan
  8183 | D:7      | Noticed Duvessa
  8187 | D:7      | Killed Duvessa
  8187 | D:7      | Reached skill level 9 in Spellcasting
  8187 | D:7      | Reached XP level 9. HP: 43/48 MP: 9/24
  8187 | D:7      | Killed Dowan
  8214 | D:7      | Found a staircase to the Ecumenical Temple.
  8227 | Temple   | Entered the Ecumenical Temple
  9045 | D:7      | Found a shadowy altar of Dithmenos.
  9244 | D:8      | Reached skill level 5 in Dodging
  9330 | D:8      | Reached skill level 1 in Shields
  9354 | D:8      | Found a deep blue altar of Sif Muna.
  9370 | D:8      | HP: 2/49 [cloud of flame (11)]
  9799 | D:8      | Noticed Prince Ribbit
  9806 | D:8      | Killed Prince Ribbit
  9806 | D:8      | Offered knowledge of Stone Arrow by Vehumet.
  9811 | D:8      | Learned a level 3 spell: Stone Arrow
 10107 | D:8      | Reached skill level 10 in Spellcasting
 10147 | D:8      | Reached XP level 10. HP: 54/54 MP: 15/26
 10156 | D:8      | Reached *** piety under Vehumet
 10185 | D:8      | Noticed a three-headed hydra
 10200 | D:8      | Killed a three-headed hydra
 10200 | D:8      | Reached skill level 1 in Ice Magic
 10200 | D:8      | Reached skill level 1 in Earth Magic
 10719 | D:8      | Gained mutation: You are dopey. (Int -2) [mutagenic meat]
 10720 | D:8      | Gained mutation: You are very dopey. (Int -4) [mutagenic meat]
 10721 | D:8      | Gained mutation: You expend magic power (3 MP) to strengthen your wands. [mutagenic meat]
 10722 | D:8      | Gained mutation: Your spells are a little harder to cast, but a little more powerful. [mutagenic meat]
 11434 | D:8      | Found a basalt altar of Yredelemnul.
 11565 | D:5      | Offered knowledge of Airstrike by Vehumet.
 11571 | D:5      | Learned a level 4 spell: Airstrike
 11603 | D:4      | Killed 100P's ghost
 12694 | D:9      | Found a glowing silver altar of Zin.
 12889 | D:10     | Entered Level 10 of the Dungeon
 12900 | D:10     | Noticed a molten gargoyle
 12902 | D:10     | Killed a molten gargoyle
 12996 | D:10     | Reached **** piety under Vehumet
 13055 | D:10     | Noticed a molten gargoyle
 13055 | D:10     | Noticed a molten gargoyle
 13058 | D:10     | Killed a molten gargoyle
 13058 | D:10     | Reached XP level 11. HP: 39/60 MP: 19/27
 13366 | D:10     | Reached skill level 11 in Spellcasting
 13510 | D:10     | Offered knowledge of Lee's Rapid Deconstruction by Vehumet.
 13938 | D:10     | Found a staircase to the Lair.
 14272 | D:10     | Got a heavily runed chain mail
 14365 | D:10     | Found a glowing silver altar of Zin.
 14518 | Lair:1   | Entered Level 1 of the Lair of Beasts
 14964 | Lair:1   | Identified the +4 chain mail of Submission {rCorr Str+4 Int-4 Slay+3} (You found it on level 10 of the Dungeon)
 15656 | Lair:1   | Reached skill level 5 in Short Blades
 15656 | Lair:1   | Reached skill level 5 in Poison Magic
 15924 | Lair:1   | Noticed an oklob plant
 16036 | Lair:1   | Killed an oklob plant
 16175 | Lair:2   | Found a staircase to the Shoals.
 16184 | Lair:2   | Reached ***** piety under Vehumet
 16187 | Lair:2   | Mangled by a spiny frog

Vault maps used:
D:1:      scummos_arrival_gate, hangedman_feature_mirror,
          nicolae_ashenzari_panopticon
D:3:      minitemple, bloody_trog, first_bread, uniq_grinder
D:6:      grunt_temple_overflow_open, uniq_eustachio, uniq_sigmund,
          uniq_crazy_yiuf_cottage
D:7:      kennysheep_little_box, minmay_temple_entry_trees, serial_glass,
          glass_columns_a, glass_columns_b, nicolae_qazlal_style_of_elements,
          uniq_duvessa
D:8:      lemuel_mausoleum_altar_yredelemnul, basic_altar, hangedman_ranch,
          uniq_prince_ribbit1
D:9:      basic_altar, lightli_orcish_oven
D:10:     david_lair_shrubbed, basic_altar, minivault_8
Temple:   hc_temple_tempest_star
Lair:1:   minmay_holes, minmay_lair_oklob_chamber, lemuel_fruit_fields,
          grunt_megastairs_1, infiniplex_staircase_pool
Lair:2:   minmay_shoals_entry_beasts, nicolae_spider_entry_non_spiders,
          uniq_sonja

Skill      XL: |  1  2  3  4  5  6  7  8  9 10 11 |
---------------+----------------------------------+-----
Spellcasting   | 4 6 7 8 9 10 11 | 11.9
Conjurations   | 2 3 4 5 6 7 |  7.2
Fire Magic     | 4 5 6 7 |  7.8
Fighting       | 1 2 3 4 |  4.4
Dodging        | 3 4 5 6 7 |  7.3
Armour         | 1 2 3 4 |  4.5
Short Blades   | 1 2 3 4 5 |  5.1
Poison Magic   | 2 3 4 5 |  5.1
Air Magic      | 2 3 4 |  4.8
Shields        | 1 2 3 |  3.4
Ice Magic      | 2 3 |  3.2
Earth Magic    | 2 3 |  3.6
Stealth        | |  2.4

Action                   |  1- 3 |  4- 6 |  7- 9 | 10-12 || total
-------------------------+-------+-------+-------+-------++-------
Melee: Unarmed           |    28 |       |       |       ||    28
       Dagger            |     8 |    57 |    85 |   124 ||   274
 Cast: Flame Tongue      |    57 |    86 |   126 |    82 ||   351
       Throw Flame       |     4 |    13 |     9 |     7 ||    33
       Conjure Flame     |     2 |     3 |     9 |     7 ||    21
       Inner Flame       |     2 |     1 |    15 |     4 ||    22
       Sticky Flame      |       |     4 |    17 |    38 ||    59
       Fireball          |       |     1 |     8 |    16 ||    25
       Stone Arrow       |       |       |       |    28 ||    28
       Airstrike         |       |       |       |    42 ||    42
       Mephitic Cloud    |       |       |       |     1 ||     1
Evoke: Wand              |       |       |     2 |       ||     2
  Use: Scroll            |    14 |     1 |     4 |     5 ||    24
       Potion            |       |     1 |     1 |     2 ||     4
 Stab: Sleeping          |     1 |     1 |     1 |       ||     3
       Distracted        |       |     2 |       |       ||     2
  Eat: Chunk             |     3 |     9 |     8 |    10 ||    30
       Royal jelly       |       |       |     1 |     4 ||     5
       Fruit             |       |       |     1 |     8 ||     9
       Bread ration      |       |       |     2 |       ||     2
Armor: Robe              |    17 |    41 |    29 |    17 ||   104
Dodge: Dodged            |    64 |    81 |   106 |    97 ||   348
Block: Shield            |       |       |       |     9 ||     9

Table legend:
 A = Spawn XP
 B = Non-spawn XP
 C = Spawn XP percentage of total XP
 D = Spawn monster count
 E = Non-spawn monster count
 F = Spawn count percentage of total count
 G = Total turns spent on level
                    A         B        C        D         E        F      G
               +---------+---------+-------+---------+---------+-------+---------
         Total |    3906 |   17189 |  18.5 |      78 |     221 |  26.1 | 16187
               +---------+---------+-------+---------+---------+-------+---------
           D:1 |       3 |      30 |   9.1 |       2 |      17 |  10.5 |  1180
           D:2 |      33 |      84 |  28.2 |      10 |      19 |  34.5 |  1475
           D:3 |      21 |     372 |   5.3 |       5 |      32 |  13.5 |  1569
           D:4 |     121 |     452 |  21.1 |       8 |      13 |  38.1 |   686
           D:5 |     221 |     271 |  44.9 |       9 |       5 |  64.3 |  1408
           D:6 |     257 |     819 |  23.9 |       8 |      13 |  38.1 |  1534
           D:7 |     637 |     429 |  59.8 |      14 |      10 |  58.3 |  1467
           D:8 |     431 |    4863 |   8.1 |       8 |      50 |  13.8 |  2393
           D:9 |     149 |     924 |  13.9 |       2 |      18 |  10.0 |   898
          D:10 |      49 |    4067 |   1.2 |       2 |      25 |   7.4 |  1629
        Lair:1 |    1984 |    3895 |  33.7 |      10 |      15 |  40.0 |  1657
        Lair:2 |       0 |     983 |   0.0 |       0 |       4 |   0.0 |    12
               +---------+---------+-------+---------+---------+-------+---------
